 Dungeon Crawl Stone Soup version 0.31.0-9-g3a7656b989 (webtiles) character file.

Game seed: 10050366331942199870

4581 BOULDERERGUY the Cleaver (level 10, -6/91 HPs)
             Began as a Minotaur Berserker on Jan 22, 2024.
             Was an Elder of Trog.
             Mangled by an ice beast (13 damage)
             ... on level 8 of the Dungeon on Jan 25, 2024.
             The game lasted 01:19:40 (8703 turns).

BOULDERERGUY the Cleaver (Minotaur Berserker)       Turns: 8703, Time: 01:19:44

Health: -6/91      AC:  4    Str: 32    XL:     10   Next: 18%
Magic:  9/9        EV: 10    Int:  4    God:    Trog [****..]
Gold:   499        SH:  0    Dex: 10    Spells: 9/9 levels left

rFire   . . .        y - +2 hand axe (flame)
rCold   . . .        (no shield)
rNeg    . . .        e - +2 chain mail
rPois   .            (helmet restricted)
rElec   .            i - +1 cloak
rCorr   .            (no gloves)
SInv    +            (no boots)
Will    .....        (no amulet) Stlth
                     f - +6 ring of strength
HPRegen 0.35/turn    m - ring of see invisible
MPRegen 0.11/turn

%: no passive effects
@: about to teleport, corroded
A: horns 2, retaliatory headbutt, mutation resistance 1, noise suppression
a: Renounce Religion, Berserk, Trog's Hand, Brothers in Arms


You were on level 8 of the Dungeon.
You worshipped Trog.
Trog was greatly pleased with you.
You visited 1 branch of the dungeon, and saw 8 of its levels.
You also visited: Ossuary.

You collected 499 gold pieces.

Inventory:

Hand Weapons
 a - a +1 vampiric hand axe
 u - a +1 sling of flaming
 y - a +2 hand axe of flaming (weapon)
 D - a +5 long sword of freezing
Missiles
 c - 37 stones
 j - 13 poisoned darts
 q - a throwing net
Armour
 e - a +2 chain mail (worn)
 i - a +1 cloak (worn)
Jewellery
 f - a +6 ring of strength (left hand)
 m - a ring of see invisible (right hand)
 x - a ring of positive energy
Wands
 t - a wand of paralysis (3)
 v - a wand of iceblast (8)
 C - a wand of digging (8)
Scrolls
 b - 4 scrolls of vulnerability
 g - a scroll of teleportation (quivered)
 h - 2 scrolls of noise
 k - a scroll of fog
 l - a scroll of amnesia
 n - a scroll of immolation
 o - a scroll of enchant armour
 B - a scroll of identify
Potions
 d - 2 potions of heal wounds
 p - 3 potions of curing
 r - a potion of mutation
 s - 2 potions of brilliance
 w - a potion of cancellation
 z - a potion of might {unknown}
 A - a potion of lignification


   Skills:
 * Level 9.6 Fighting
 + Level 11.8 Axes
 + Level 10.0 Armour
 - Level 4.0 Dodging
 - Level 1.6 Stealth


You had 9 spell levels left.
You didn't know any spells.
Your spell library was empty.

Dungeon Overview and Level Annotations

Branches:
Dungeon (8/15)             Temple (0/1) D:7         Ossuary (visited)
   Lair: D:8-11

Altars:
Gozag
Nemelex Xobeh
Okawaru

Shops:
D:7 :


Innate Abilities, Weirdness & Mutations

You have a pair of horns on your head.
You reflexively headbutt those who attack you in melee.
You are somewhat resistant to further mutation.
You passively dampen the noise of your surroundings.


Message History

You hit the acid dragon but do no damage.
The acid dragon spits acid at you. The splash of acid hits you!
The acid dragon spits acid at you. The splash of acid hits you!
The acid corrodes you!
As you read the scroll of teleportation, it crumbles to dust.
You feel strangely unstable. The acid dragon spits acid at you.
The splash of acid hits you!
* * * LOW HITPOINT WARNING * * *
The acid corrodes you!
Your surroundings suddenly seem different.
A gnoll and an ice beast come into view.
Found a robe.
The gnoll hits you with a +0 flail!
* * * LOW HITPOINT WARNING * * *
You hit the gnoll but do no damage. The gnoll closely misses you.
You feel much better. The gnoll barely misses you.
You closely miss the gnoll. The gnoll barely misses you.
You furiously retaliate!
You headbutt the gnoll, but do no damage.
You hit the gnoll. You burn the gnoll.
You headbutt the gnoll, but do no damage.
The gnoll is moderately wounded.
You barely miss the gnoll.
The gnoll is moderately wounded.
The gnoll hits you with a +0 flail!
* * * LOW HITPOINT WARNING * * *
You closely miss the gnoll.
The gnoll is moderately wounded.
You hit the ice beast but do no damage. The gnoll hits you with a +0 flail!
* * * LOW HITPOINT WARNING * * *
The ice beast hits you but does no damage.
As you read the scroll of teleportation, it crumbles to dust.
You feel strangely unstable. The gnoll hits you with a +0 flail.
* * * LOW HITPOINT WARNING * * *
The ice beast hits you.
* * * LOW HITPOINT WARNING * * *
The ice beast freezes you!
You die...

...# .. . #... ..#.#..
#.#...#. .# ## #...#.
.#...#...#.#.. .....
.....Y.. ..#.#
#...#...#...# ....#
..# #...#!#...#:#....#
.#...#...#...#...#..#
......g@Y...........#
...#...#...#...#....#
#.#...#[#...#"#hD#####
#...#..
#...#...#.9D... ......
........z.#####
####### ###...##### #
##.########## #..
........ ## ########


You could see an ice beast and a gnoll.

Vanquished Creatures
  2 hornets (D:7)
  Grinder (D:5)
  A shadow (D:8)
  4 humans (D:7)
  A steam dragon (D:7)
  A water moccasin (D:8)
  An ice beast (D:6)
  Duvessa (D:5)
  2 sky beasts (D:6)
  2 black bears
  An ogre (D:5)
  2 centaurs
  A kobold brigand (D:8)
  An elf zombie (Ossuary)
  3 bullfrogs
  A scorpion (D:5)
  A gnoll sergeant (D:6)
  A wight (D:8)
  Dowan (D:5)
  12 killer bees
  3 howler monkeys
  3 gnoll boudas
  2 bombardier beetles (D:4)
  3 jellies
  4 orc priests
  3 hounds (D:6)
  An orc wizard (D:5)
  4 scorpion zombies (D:6)
  An iguana (D:4)
  A hound zombie (Ossuary)
  4 mummies (Ossuary)
  21 gnolls
  2 howler monkey skeletons (D:6)
  6 adders
  2 shadow imps
  4 ufetubi
  An adder zombie (Ossuary)
  2 ribbon worms
  A dart slug (D:3)
  10 orcs
  7 ball pythons
  8 endoplasms
  4 giant cockroaches
  2 hobgoblins (D:3)
  4 jackals (D:1)
  13 kobolds
  5 quokkas
  7 bats
  A frilled lizard (D:1)
  4 goblins
  A goblin zombie (Ossuary)
  A hobgoblin zombie (Ossuary)
  A jackal zombie (Ossuary)
  A kobold zombie (Ossuary)
  2 orc zombies (Ossuary)
  2 rats
  3 rat zombies (Ossuary)
184 creatures vanquished.

Notes
Turn   | Place    | Note
-------+----------+-------------------------------------------
     0 | D:1      | BOULDERERGUY the Minotaur Berserker began the quest for the
                  | Orb.
     0 | D:1      | Reached XP level 1. HP: 19/19 MP: 0/0
   150 | D:1      | Reached XP level 2. HP: 27/27 MP: 1/1
   191 | D:1      | Reached skill level 4 in Axes
  1184 | D:2      | Reached XP level 3. HP: 33/33 MP: 2/2
  1390 | D:2      | Reached ** piety under Trog
  1957 | D:3      | Reached XP level 4. HP: 40/41 MP: 3/3
  1961 | D:3      | Reached skill level 5 in Axes
  2782 | D:3      | Reached XP level 5. HP: 47/47 MP: 4/4
  3486 | D:4      | Upgraded the game from 0.31.0-4-g52a2dc7128 to
                  | 0.31.0-9-g3a7656b989
  3489 | D:5      | Entered Level 5 of the Dungeon
  3492 | D:5      | Found an iron altar of Okawaru.
  3567 | D:5      | Noticed Dowan
  3569 | D:5      | Noticed Duvessa
  3575 | D:5      | Killed Dowan
  3576 | D:5      | Reached skill level 6 in Axes
  3576 | D:5      | Reached XP level 6. HP: 55/55 MP: 5/5
  3584 | D:5      | Killed Duvessa
  3585 | D:5      | Reached skill level 5 in Fighting
  3585 | D:5      | Reached skill level 5 in Armour
  3993 | D:5      | Reached skill level 7 in Axes
  3993 | D:5      | Reached skill level 1 in Stealth
  3993 | D:5      | Reached XP level 7. HP: 53/61 MP: 6/6
  4065 | D:5      | Reached *** piety under Trog
  4078 | D:5      | Noticed Grinder
  4370 | D:5      | Killed Grinder
  4371 | D:5      | Reached skill level 8 in Axes
  4703 | D:5      | Reached XP level 8. HP: 70/70 MP: 7/7
  5427 | D:6      | Reached skill level 9 in Axes
  5443 | D:6      | Found a sand-covered staircase.
  5497 | Ossuary  | Entered an ossuary
  5866 | D:6      | Found an opulent altar of Gozag.
  5866 | D:6      | Found a sparkling altar of Nemelex Xobeh.
  5873 | D:6      | Reached skill level 10 in Axes
  6019 | D:6      | Reached XP level 9. HP: 74/78 MP: 8/8
  6340 | D:6      | Gained mutation: You passively dampen the noise of your
                  | surroundings. [potion of mutation]
  6340 | D:6      | Gained mutation: You are somewhat resistant to further
                  | mutation. [potion of mutation]
  6391 | D:7      | Reached **** piety under Trog
  6803 | D:7      | Found a staircase to the Ecumenical Temple.
  6876 | D:7      | Reached skill level 11 in Axes
  7188 | D:7      | Found Susomek's Book Boutique.
  7197 | D:7      | Paralysed by a hornet for 1 turns
  7532 | D:7      | Paralysed by a hornet for 1 turns
  7717 | D:7      | Reached XP level 10. HP: 91/91 MP: 9/9
  8624 | D:8      | Reached skill level 10 in Armour
  8671 | D:8      | Noticed a gargoyle
  8703 | D:8      | Mangled by an ice beast

Illustrated notes

Levels and vault maps discovered:
D:1:      co_arrival_square_in_a_square_in_a_square, layout_loops_ring,
          chequers_serial_rivers_large_b
D:2:      layout_loops_ring
D:3:      layout_loops_cross, minmay_ruptured
D:4:      layout_cave_pools, minmay_fountain_box
D:5:      layout_basic, lemuel_crystal_altar, kennysheep_boxes, uniq_duvessa,
          uniq_grinder
D:6:      layout_basic, grunt_temple_overflow_opulence,
          mainiacjoe_ossuary_entry_find_the_door
D:7:      layout_loops_ring, minmay_temple_entry_enclosed_plants, serial_shops,
          shop_coins, grunt_ministairs_9, minmay_ruffians
D:8:      cheibrodos_fzero, layout_loops_ring, jmf_multi_god_temple,
          lair_entry_dummy, minmay_misc_feat_nine_boxes, pf_guarded_unrand_meek

Skill      XL: |  1  2  3  4  5  6  7  8  9 10 |
---------------+-------------------------------+-----
Fighting       | 4 5 6 9 |  9.6
Axes           | 4 5 6 7 8 10 11 | 11.8
Armour         | 3 4 5 6 7 9 10 | 10.0
Stealth        | 1 |  1.6
Dodging        | 3 4 |  4.0

Action                     |  1- 3 |  4- 6 |  7- 9 | 10-12 || total
---------------------------+-------+-------+-------+-------++-------
  Melee: Hand axe          |    97 |   129 |   314 |    54 ||   594
         Headbutt          |    18 |    16 |    65 |    13 ||   112
         Punch             |     2 |     1 |     3 |     1 ||     7
  Throw: Throwing net      |       |       |     1 |       ||     1
 Invoke: Berserk           |     2 |     1 |     3 |       ||     6
    Use: Scroll            |     4 |     3 |     7 |     3 ||    17
         Potion            |     2 |     2 |     4 |     1 ||     9
   Stab: Sleeping          |     1 |       |       |       ||     1
 Armour: Animal skin       |     6 |       |       |       ||     6
         Chain mail        |    63 |    75 |   211 |    41 ||   390
  Dodge: Dodged            |    46 |    45 |   151 |    24 ||   266
